Map: Ulrena

Players

Manta - Winner!

  • Race: Zerg Zerg
  • League: Silver

A.I. 1 (Very Easy)

  • Race: Terran Terran

VOD

Have the link to the VOD?

Description

Time

  • Played on: Feb. 15, 2016, 12:22 p.m.
  • Length: 9:53
Show
View Real Time Build Order
Export as new Build Order

Manta Zerg - Winner!

Build Orders: Hatch First 

Get SALT Encoding   

  12  0:03  Drone  
  13  0:14  Drone  
  14  0:17  Overlord  
  14  0:28  Drone, Extractor  
  15  1:01  Drone x3  
  18  1:13  Hatchery  
  18  1:15  Spawning Pool, Extractor  
  15  1:27  Overlord  
  15  1:29  Drone  
  16  1:34  Drone  
  17  1:52  Drone, Extractor  
  17  2:13  Roach Warren  
  16  2:17  Drone  
  16  2:18  Drone x2  
  19  2:23  Queen  
  21  2:30  Queen  
  23  2:37  Drone  
  23  2:42  Drone  
  25  2:44  Drone  
  25  2:47  Drone  
  27  2:52  Drone  
  27  2:55  Drone  
  30  2:58  Drone  
  30  3:03  Drone  
  31  3:10  Drone  
  32  3:14  Lair  
  32  3:16  Drone  
  33  3:24  Drone  
  34  3:27  Drone  
  34  3:29  Roach Warren  
  34  3:30  Drone  
  34  3:32  Drone  
  36  3:35  Overlord  
  36  3:59  Drone x4  
  36  4:00  Drone x2  
  36  4:01  Hatchery  
  41  4:05  Evolution Chamber  
  41  4:09  Drone  
  42  4:12  Evolution Chamber  
  42  4:14  Drone x2  
  42  4:15  Drone  
  44  4:27  Extractor  
  44  4:28  Drone, Extractor  
  44  4:30  Overlord x2  
  43  4:39  Zerg Missile Weapons Level 1  
  43  4:40  Zerg Ground Armor Level 1  
  43  4:45  Overlord  
  43  4:48  Queen  
  45  4:54  Drone  
  45  4:55  Drone x2  
  48  5:02  Glial Reconstitution  
  48  5:07  Roach x6  
  52  5:09  Drone  
  61  5:14  Drone  
  61  5:15  Drone x2  
  61  5:18  Drone x2  
  66  5:23  Queen  
  66  5:25  Drone  
  66  5:27  Drone  
  70  5:35  Queen  
  70  5:37  Drone, Overlord  
  70  5:41  Overlord  
  73  5:45  Overlord  
  73  5:47  Drone  
  74  6:00  Roach x6  
  74  6:01  Roach  
  88  6:08  Drone x2  
  88  6:09  Queen  
  88  6:11  Overlord  
  92  6:14  Drone  
  93  6:34  Zerg Missile Weapons Level 2  
  93  6:37  Roach x2  
  93  6:38  Roach x4  
  93  6:39  Overlord  
  105  6:40  Overlord x3  
  105  6:45  Extractor x2  
  103  7:22  Roach x3  
  111  7:23  Roach x5  
  111  7:25  Overlord x4  
  119  7:30  Drone x3  
  119  7:31  Drone x2  
  124  7:40  Hatchery  
  123  8:04  Ravager x3  
  126  8:25  Roach x6  
  126  8:26  Roach x6  
  126  8:27  Roach x2  
  154  8:35  Drone  
  154  8:37  Drone  
  156  8:44  Roach x2  
Show
View Real Time Build Order
Export as new Build Order

A.I. 1 (Very Easy) Terran 

Build Orders:  

Get SALT Encoding   

  12  0:00  SCV  
  13  0:13  SCV  
  14  0:20  Supply Depot  
  14  0:36  Refinery  
  14  0:45  Barracks  
  14  1:05  Supply Depot  
  14  1:13  Refinery  
  14  1:33  Marine  
  14  1:34  Orbital Command  
  15  1:52  Barracks Tech Lab  
  15  2:00  SCV  
  16  2:12  SCV  
  17  2:18  Marine  
  18  2:24  SCV  
  19  2:36  SCV  
  20  2:49  SCV  
  21  3:01  SCV  
  21  3:04  Marauder  
  24  6:20  SCV  
  24  6:39  SCV  
  25  6:40  Marine  
  25  6:41  Supply Depot  
  25  6:44  Factory  
  26  6:47  Command Center  
  26  6:51  SCV  
  27  7:03  SCV  
  27  7:06  Supply Depot  
  24  7:14  Marine  
  24  7:15  SCV  
  26  7:29  Starport  
  25  7:48  Marine  
  26  7:59  SCV  
  26  8:01  Refinery  
  27  8:06  SCV  
  28  8:13  Starport Tech Lab, Refinery, SCV  
  29  8:21  SCV  
  29  8:23  Marine  
  31  8:28  SCV  
  31  8:32  Raven  
  34  8:35  SCV  
  35  8:42  SCV  
  36  8:50  SCV  
  36  8:52  Hellion  
  38  8:57  SCV  
  30  9:11  SCV  
  25  9:24  SCV  
Tags
 
League
Silver
Matchup
TvZ
Replay Pack
sc2 replays
Add a new tag
Caveats
  • Supply blocks, unpowered buildings, or Contaminate may cause inaccurate times.
  • Supply counts are checked every 10 seconds.